 Dungeon Crawl Stone Soup version 0.30-a0-852-g08b95dd62f (webtiles) character file.

Game seed: 12716419323434237789

15 runemasterragnar the Digger (level 2, -1/16 HPs)
             Began as a Gargoyle Earth Elementalist on Mar 5, 2023.
             Slain by an iguana (5 damage)
             ... on level 2 of the Dungeon.
             The game lasted 00:01:38 (1163 turns).

runemasterragnar the Digger (GrEE)                  Turns: 1163, Time: 00:01:38

Health: -1/16      AC:  4    Str: 11    XL:     2   Next: 50%
Magic:  3/5        EV: 12    Int: 15    God:
Gold:   33         SH:  0    Dex: 10    Spells: 4/5 levels left

rFire   . . .      SeeInvis .    (no weapon)
rCold   . . .      Faith    .    (no shield)
rNeg    + . .      Spirit   .    a - +0 robe
rPois   ∞          Reflect  .    (no helmet)
rElec   +          Rampage  .    (no cloak)
rCorr   .                        (no gloves)
Will    .....                    (no boots)
Stlth   ++                       h - amulet of magic regeneration
HPRegen 0.22/turn                (no ring)
MPRegen 0.49/turn                (no ring)

@: no status effects
A: sickness immunity, AC +2, negative energy resistance 1, electricity
resistance, torment resistance 1, petrification resistance
a: no special abilities


You were on level 2 of the Dungeon.
You visited 1 branch of the dungeon, and saw 2 of its levels.

You collected 33 gold pieces.

Inventory:

Missiles
 e - 11 stones
Armour
 a - a +0 robe (worn)
Jewellery
 h - an amulet of magic regeneration (around neck)
Scrolls
 c - 2 scrolls of teleportation {unknown}
 f - a scroll of enchant armour {unknown}
Potions
 b - a potion of magic
 d - a potion of ambrosia {unknown}
 g - a potion of attraction {unknown}


   Skills:
 + Level 0.5 Fighting
 + Level 1.7 Dodging
 - Level 2.1 Stealth
 + Level 2.1 Spellcasting
 + Level 1.0 Transmutations
 * Level 4.0 Earth Magic


You had 4 spell levels left.
You knew the following spells:

 Your Spells              Type           Power      Damage    Failure   Level
a - Sandblast             Erth           26%        2d8       4%          1

Your spell library contained the following spells:

 Spells                   Type           Power      Damage    Failure   Level
 Passwall                 Tmut/Erth      7%         N/A       12%         2
 Stone Arrow              Conj/Erth      14%        3d7       28%         3
 Petrify                  Tmut/Erth      9%         N/A       58%         4


Dungeon Overview and Level Annotations

Branches:
Dungeon (2/15)

Altars:


Innate Abilities, Weirdness & Mutations

You are immune to sickness and miasma.
Your stone body is resilient. (AC +2)
You are immune to poison.
You resist negative energy. (rN+)
You are resistant to electric shocks. (rElec)
You are resistant to unholy torment.
You are immune to petrification.


Message History

The iguana is moderately wounded.
The goblin shouts!
You hear a shout!
Unknown command.
Casting: Sandblast (safe; 4% risk of failure)
Confirm with . or Enter, or press ? or * to list all spells.
Aiming: Sandblast (safe; 4% risk of failure)
Press: ? - help, Shift-Dir - straight line, f/p - iguana
Aim: an iguana (moderately wounded, 84% to hit)
The blast of sand hits the iguana but does no damage.
The iguana is moderately wounded.
The iguana bites you but does no damage.
Unknown command.
Casting: Sandblast (safe; 4% risk of failure)
Confirm with . or Enter, or press ? or * to list all spells.
Aiming: Sandblast (safe; 4% risk of failure)
Press: ? - help, Shift-Dir - straight line, f/p - iguana
Aim: an iguana (moderately wounded, 84% to hit)
The blast of sand hits the iguana but does no damage.
The iguana is moderately wounded.
The iguana bites you. x2
Unknown command.
Casting: Sandblast (safe; 4% risk of failure)
Confirm with . or Enter, or press ? or * to list all spells.
Aiming: Sandblast (safe; 4% risk of failure)
Press: ? - help, Shift-Dir - straight line, f/p - iguana
Aim: an iguana (moderately wounded, 84% to hit)
The blast of sand hits the iguana.
The iguana is heavily wounded.
The iguana bites you.
* * * LOW HITPOINT WARNING * * *
Unknown command.
Casting: Sandblast (safe; 4% risk of failure)
Confirm with . or Enter, or press ? or * to list all spells.
Aiming: Sandblast (safe; 4% risk of failure)
Press: ? - help, Shift-Dir - straight line, f/p - iguana
Aim: an iguana (heavily wounded, 84% to hit)
The blast of sand hits the iguana.
The iguana is heavily wounded.
The iguana bites you.
You die...

#....#
.....+
##....#
.....#
#....
.g. #l#
#@# #.#
#.# #.#
#.# #.#
#.# #.#
#.#


You could see an iguana and a goblin.

Vanquished Creatures
  3 bats (D:1)
  2 giant cockroaches (D:1)
  3 hobgoblins (D:1)
  A kobold (D:1)
  A ball python (D:1)
  2 goblins (D:1)
  2 rats (D:1)
14 creatures vanquished.

Notes
Turn   | Place    | Note
-------+----------+-------------------------------------------
     0 | D:1      | runemasterragnar the Gargoyle Earth Elementalist began the
                  | quest for the Orb.
     0 | D:1      | Reached XP level 1. HP: 10/10 MP: 3/3
   366 | D:1      | Reached XP level 2. HP: 13/16 MP: 0/5
   476 | D:1      | Reached skill level 1 in Transmutations
   692 | D:1      | Reached skill level 4 in Earth Magic
   745 | D:1      | Found a faded altar of an unknown god.
  1163 | D:2      | Slain by an iguana

Illustrated notes

Levels and vault maps discovered:
D:1:      moated_graveyard_arrival, layout_loops_ring,
          chequers_ecumenical_altar_grove
D:2:      layout_basic, basic_altar, uniq_jessica, uniq_crazy_yiuf_cottage

Skill      XL: |  1  2 |
---------------+-------+-----
Transmutations | 1 |  1.0
Earth Magic    | 4 |  4.0
Fighting       | |  0.5
Dodging        | |  1.7
Stealth        | |  2.1
Spellcasting   | |  2.1

Action                     || total
---------------------------++-------
  Melee: Unarmed           ||    28
   Cast: Sandblast         ||    28
 Armour: Robe              ||    10
  Dodge: Dodged            ||    21

Table legend: (Time is in decaauts)
 A = Elapsed time spent in this place.
 B = Non-inter-level travel time spent in this place.
 C = Inter-level travel time spent in this place.
 D = Time resting spent in this place.
 E = Time spent auto-exploring this place.
 F = Levels seen in this place.
 G = Mean time per level.
                   A        B        C        D        E       F      G
               +--------+--------+--------+--------+--------+-----+--------+
         Total |   1176 |   1103 |     73 |    259 |    723 |   2 |  588.0 |
       Dungeon |   1176 |   1103 |     73 |    259 |    723 |   2 |  588.0 |
               +--------+--------+--------+--------+--------+-----+--------+

Top non-repeatable levels by time:
     D:1: 1155 daAuts
     D:2: 21 daAuts
